 Dungeon Crawl Stone Soup version 0.24-a0-420-g24607be9ce (webtiles) character file.

Game seed: 4603091338350047272

199 SnubMonkey the Ruffian (level 5, -2/45 HPs)
             Began as a Troll Earth Elementalist on June 11, 2019.
             Slain by a centaur (6 damage)
             ... on level 4 of the Dungeon.
             The game lasted 00:04:46 (2067 turns).

SnubMonkey the Ruffian (Troll Earth Elementalist)   Turns: 2067, Time: 00:04:46

Health: -2/45      AC:  6    Str: 13 (16) XL:     5   Next: 48%
Magic:  5/5        EV: 10    Int:  9 (12) God:
Gold:   130        SH:  0    Dex:  9 (12) Spells: 5/6 levels left

rFire    . . .     SeeInvis .     - Unarmed
rCold    . . .     Gourm    +   (no shield)
rNeg     . . .     Faith    .   c - +0 robe
rPois    .         Spirit   .   (helmet restricted)
rElec    +         Reflect  .   (no cloak)
rCorr    .         Harm     .   (gloves unavailable)
MR       .....                  (boots unavailable)
Stlth    +.........             (no amulet)
HPRegen  0.55/turn              (no ring)
MPRegen  0.09/turn              (no ring)

@: no status effects
A: large, unfitting armour, claws 3, horns 1, agile 1, fast metabolism 3,
gourmand, sense surroundings 1, regeneration 1, shaggy fur 1, electricity
resistance, tough skin 3
a: no special abilities


You were on level 4 of the Dungeon.
You were very full.

You visited 1 branch of the dungeon, and saw 4 of its levels.

You collected 130 gold pieces.

Inventory:

Missiles
 b - 30 stones (quivered)
 t - 2 boomerangs
Armour
 c - a +0 robe (worn)
Magical Staves
 q - an uncursed staff of wizardry {unknown}
Jewellery
 n - an uncursed ring of resist corrosion {unknown}
 s - an uncursed ring of poison resistance {unknown}
 w - an uncursed ring of magical power {unknown}
Wands
 j - a wand of paralysis (11)
 r - a wand of enslavement (9)
Scrolls
 a - 4 scrolls of identify {unknown}
 f - 3 scrolls of remove curse {unknown}
 g - 2 scrolls of enchant weapon {unknown}
 h - 3 scrolls of teleportation {unknown}
 i - 2 scrolls of magic mapping {unknown}
 o - a scroll of fear {unknown}
Potions
 e - a potion of degeneration
 k - a potion of mutation
 l - a potion of flight {unknown}
 m - a potion of curing
 p - 2 potions of haste {unknown}
 u - a potion of heal wounds {unknown}
 v - a potion of lignification {unknown}
Comestibles
 d - 11 rations


   Skills:
 - Level 1.5 Dodging
 - Level 1.0 Stealth
 + Level 5.3 Unarmed Combat
 - Level 1.2 Spellcasting
   Level 0.6 Transmutations
 - Level 2.6 Earth Magic


You had 5 spell levels left.
You knew the following spells:

 Your Spells              Type           Power        Failure   Level  Hunger
a - Sandblast             Erth           #.....       12%         1    ##.....

Your spell library contained the following spells:

 Spells                   Type           Power        Failure   Level  Hunger
 Passwall                 Tmut/Erth      #.......     28%         2    ###....
 Stone Arrow              Conj/Erth      #.....       54%         3    ####...
 Petrify                  Tmut/Erth      #.......     88%         4    #####..
 Lee's Rapid Deconstruct  Erth           #.........   97%         5    ######.


Dungeon Overview and Level Annotations

Branches:
Dungeon (4/15)
 Temple: D:4-7

Altars:
Fedhas
Makhleb
Uskayaw
Xom
Zin

Shops:
D:2 *

Annotations:
D:1 Robin


Innate Abilities, Weirdness & Mutations

You are too large for most types of armour.
You have claws for hands.
Your metabolism is lightning-fast.
You like to eat raw meat.
Your natural rate of healing is unusually fast.
You are covered in fur. (AC +1)
You have extremely tough skin. (AC +3)
You have a pair of small horns on your head.
You are agile. (Dex +2)
You passively map a small area around you.
You are resistant to electric shocks. (rElec)


Message History

You claw the centaur!
The centaur is moderately wounded.
The centaur closely misses you.
You scratch the centaur but do no damage.
You headbutt the centaur.
The centaur is heavily wounded.
The centaur hits you.
* * * LOW HITPOINT WARNING * * *
The centaur hits you!
* * * LOW HITPOINT WARNING * * *
You barely miss the centaur.
The centaur is heavily wounded.
The centaur hits you but does no damage.
It was a potion of degeneration.
There was something very wrong with that liquid.
You feel weakened.
You feel dopey.
You feel clumsy. The centaur hits you.
* * * LOW HITPOINT WARNING * * *
The centaur hits you.
You die...

* *,.... ......#
* ,.... ,......#
..... , ......+
*, ,.... *......#
, +#... ,......#
,, * ..PP......#
*,,PPPP.....#..#
+# PP@PP#...#..#
, , ,
#..PcP.P...(#..#
*
,#..PPP(P....#..#
#...........#..#
, ,
#....#.(....#..#
#...........#..#
,,
#.......)(..#..#
#...........'..#
*
#..........(#..#


You could see a centaur.

Vanquished Creatures
  An orc wizard (D:3)
  Terence (D:2)
  Natasha (D:4)
  3 adders
  3 worms
  A leopard gecko (D:2)
  5 orcs
  12 bats
  A giant cockroach (D:2)
  13 hobgoblins
  5 jackals
  4 kobolds
  6 frilled lizards
  15 goblins
  A leopard gecko skeleton (D:2)
  4 rats
76 creatures vanquished.

Notes
Turn   | Place    | Note
-------+----------+-------------------------------------------
     0 | D:1      | SnubMonkey the Troll Earth Elementalist began the quest for
                  | the Orb.
     0 | D:1      | Reached XP level 1. HP: 16/16 MP: 1/1
   115 | D:1      | Reached skill level 1 in Unarmed Combat
   121 | D:1      | Reached XP level 2. HP: 24/24 MP: 2/2
   242 | D:1      | Reached skill level 2 in Unarmed Combat
   484 | D:2      | Noticed Robin
   527 | D:2      | Reached XP level 3. HP: 17/31 MP: 3/3
   589 | D:1      | HP: 1/31 [Robin/+2 whip of electrocution (15)]
   696 | D:2      | Reached skill level 3 in Unarmed Combat
   741 | D:2      | Found a burning altar of Makhleb.
   741 | D:2      | Found a shimmering altar of Xom.
   874 | D:2      | Noticed Terence
   889 | D:2      | Killed Terence
   889 | D:2      | Reached XP level 4. HP: 13/39 MP: 4/4
   975 | D:2      | Found Zin's Purification Station.
   981 | D:2      | Reached skill level 4 in Unarmed Combat
   982 | D:2      | Found a glowing silver altar of Zin.
  1503 | D:3      | Found a hide-covered altar of Uskayaw.
  1582 | D:3      | Reached XP level 5. HP: 25/45 MP: 5/5
  1587 | D:3      | Reached skill level 5 in Unarmed Combat
  2016 | D:4      | Noticed Natasha
  2025 | D:4      | Killed Natasha
  2047 | D:4      | Found a blossoming altar of Fedhas.
  2048 | D:4      | Noticed a centaur
  2062 | D:4      | Gained mutation: You are agile. (Dex +2) [potion of
                  | mutation]
  2062 | D:4      | Gained mutation: You passively map a small area around you.
                  | [potion of mutation]
  2062 | D:4      | Gained mutation: You have a pair of small horns on your
                  | head. [potion of mutation]
  2062 | D:4      | Gained mutation: You are resistant to electric shocks.
                  | (rElec) [potion of mutation]
  2067 | D:4      | Slain by a centaur

Levels and vault maps discovered:
D:1:      psy_arrival_fountain, layout_basic
D:2:      layout_basic, grunt_temple_overflow_open, zin_purify, uniq_terence,
          uniq_robin
D:3:      layout_basic, eat_drink_and_be_merry_uskayaw, first_ration
D:4:      layout_gridville, fedhas_bush_and_centaur_altar,
          kennysheep_little_box, kiku_gazebo_pond_becter,
          minmay_temple_entry_statues_fountains, uniq_natasha, uniq_duvessa,
          uniq_ijyb

Skill      XL: |  1  2  3  4  5 |
---------------+----------------+-----
Unarmed Combat | 1 2 3 4 5 |  5.3
Dodging        | |  1.5
Stealth        | |  1.0
Spellcasting   | |  1.2
Transmutations | |  0.6
Earth Magic    | |  2.6

Action                   |  1- 3 |  4- 6 || total
-------------------------+-------+-------++-------
Melee: Unarmed           |   122 |   106 ||   228
       Punch             |       |     2 ||     2
       Headbutt          |       |     1 ||     1
  Use: Potion            |       |     3 ||     3
 Stab: Sleeping          |       |     1 ||     1
  Eat: Chunk             |    14 |    10 ||    24
Armor: Robe              |    51 |    51 ||   102
Dodge: Dodged            |    58 |    69 ||   127

Table legend:
 A = Non-vault XP
 B = Vault XP
 C = Vault XP percentage of total XP
 D = Non-vault monster count
 E = Vault monster count
 F = Vault count percentage of total count
                 A         B        C        D         E       F
            +---------+---------+-------+---------+---------+-------
      Total |     190 |      95 |  33.3 |      62 |      14 |  18.4
            +---------+---------+-------+---------+---------+-------
        D:1 |      22 |       0 |   0.0 |      14 |       0 |   0.0
        D:2 |      56 |      60 |  51.7 |      27 |      13 |  32.5
        D:3 |     109 |       0 |   0.0 |      20 |       0 |   0.0
        D:4 |       3 |      35 |  92.1 |       1 |       1 |  50.0
            +---------+---------+-------+---------+---------+-------
